 Dungeon Crawl Stone Soup version 0.21-a0-404-g291f19a (webtiles) character file.

301 graki42 the Firebug (level 6, -6/32 HPs)
             Began as a Deep Elf Fire Elementalist on Oct 27, 2017.
             Was an Initiate of Vehumet.
             Mangled by a centaur (8 damage)
             ... on level 5 of the Dungeon.
             The game lasted 00:11:15 (3325 turns).

graki42 the Firebug (Deep Elf Fire Elementalist)    Turns: 3325, Time: 00:11:16

Health: -6/32      AC:  3    Str:  7    XL:     6   Next: 14%
Magic:  0/15       EV: 13    Int: 20    God:    Vehumet [......]
Gold:   113        SH:  0    Dex: 15    Spells: 4/15 levels left

rFire    . . .     SeeInvis .   (no weapon)
rCold    . . .     Gourm    .   (no shield)
rNeg     . . .     Faith    .   a - +1 robe
rPois    .         Spirit   .   (no helmet)
rElec    .         Reflect  .   (no cloak)
rCorr    .         Harm     .   (no gloves)
MR       .....                  (no boots)
Stlth    +++.......             (no amulet)
HPRegen  0.10/turn              (no ring)
MPRegen  0.14/turn              (no ring)

@: very slightly contaminated
A: no striking features
a: Renounce Religion


You were on level 5 of the Dungeon.
You worshipped Vehumet.
Vehumet was noncommittal.
You were hungry.

You visited 2 branches of the dungeon, and saw 6 of its levels.

You collected 113 gold pieces.

Inventory:

Missiles
 j - 163 stones (quivered)
Armour
 a - a +1 robe (worn)
Jewellery
 l - an uncursed ring of ice {unknown}
 o - a cursed amulet of rage {unknown}
Wands
 t - a wand of enslavement (4/24)
Scrolls
 e - 6 scrolls of remove curse
Potions
 d - a potion of haste
 g - 6 potions of heal wounds {unknown}
 h - 2 potions of flight {unknown}
 n - a potion of agility
 s - 2 potions of curing {unknown}
Books
 b - a book of Flames

   Spells                             Type                      Level
   a - Flame Tongue                   Conjuration/Fire             1
   b - Throw Flame                    Conjuration/Fire             2
   c - Conjure Flame                  Conjuration/Fire             3
   d - Inner Flame                    Hexes/Fire                   3
   e - Sticky Flame                   Conjuration/Fire             4
   f - Fireball                       Conjuration/Fire             5
Comestibles
 c - 5 bread rations
 f - 2 royal jellies
 i - 5 meat rations


   Skills:
 + Level 0.2 Fighting
 + Level 3.0 Dodging
 + Level 3.7 Stealth
 + Level 5.0 Spellcasting
 + Level 2.6 Conjurations
 + Level 5.4 Fire Magic


You had 4 spell levels left.
You knew the following spells:

 Your Spells              Type           Power        Failure   Level  Hunger
a - Flame Tongue          Conj/Fire      ###..        2%          1    None
b - Conjure Flame         Conj/Fire      ###.....     7%          3    ##.....
c - Inner Flame           Hex/Fire       ###.....     11%         3    ##.....
d - Sticky Flame          Conj/Fire      ###.....     22%         4    ####...


Dungeon Overview and Level Annotations

Branches:
Dungeon (4/15)             Temple (1/1) D:4

Altars:
Ashenzari
Cheibriados
Dithmenos
Fedhas
Kikubaaqudgha
Nemelex Xobeh
Okawaru
Qazlal
Ru
Sif Muna
Trog
Uskayaw
Vehumet
Yredelemnul

Annotations:
D:4 CasualChangeling's ghost, novice TeWn


Message History

Casting: Flame Tongue
Confirm with . or Enter, or press ? or * to list all spells.
Aiming: Flame Tongue
Press: ? - help, Shift-Dir - straight line, f/p - centaur
Aim: a centaur (heavily wounded)
The flame tongue hits the centaur.
The centaur is almost dead.
The centaur misses you. The leopard gecko bites you.
* * * LOW HITPOINT WARNING * * *
The centaur barely misses you. The centaur completely misses you.
The centaur hits you.
* * * LOW HITPOINT WARNING * * *
The leopard gecko bites you but does no damage.
The centaur barely misses you. The centaur barely misses you.
The leopard gecko closely misses you.
A jackal comes into view.
The centaur barely misses you. The leopard gecko barely misses you.
The centaur hits you!
You die...

.. .# .####.# ..##$#
####.##.# #....!..###
#@......# #.###cl.....#
#...........####
#..............#######
....#.........#........
.#.##.......?.#........
#..........#.#........
..#h########..........
.... ####.......


You could see a centaur, a leopard gecko and a jackal (wandering).

Vanquished Creatures
  An ogre (D:4)
  A howler monkey (D:4)
  Ijyb (D:3)
  6 adders
  An ooze (D:5)
  A worm (D:2)
  3 dart slugs
  5 leopard geckos
  9 orcs
  3 ball pythons
  5 bats
  3 giant cockroaches
  11 goblins
  3 hobgoblins
  7 jackals
  A quokka (D:4)
  6 frilled lizards
  A jackal zombie (D:5)
  8 kobolds
  4 rats
80 creatures vanquished.

Notes
Turn   | Place    | Note
-------+----------+-------------------------------------------
     0 | D:1      | graki42 the Deep Elf Fire Elementalist began the quest for the Orb.
     0 | D:1      | Reached XP level 1. HP: 10/10 MP: 6/6
   177 | D:1      | Reached XP level 2. HP: 6/15 MP: 0/8
   664 | D:1      | Reached XP level 3. HP: 7/19 MP: 0/10
   748 | D:1      | Learned a level 3 spell: Conjure Flame
   752 | D:1      | Learned a level 3 spell: Inner Flame
  1403 | D:2      | Reached XP level 4. HP: 24/24 MP: 6/12
  1734 | D:3      | Found a bloodstained altar of Trog.
  2175 | D:3      | Noticed Ijyb
  2184 | D:3      | Killed Ijyb
  2194 | D:3      | Learned a level 4 spell: Sticky Flame
  2690 | D:4      | Found a staircase to the Ecumenical Temple.
  2696 | Temple   | Entered the Ecumenical Temple
  2724 | Temple   | Became a worshipper of Vehumet
  2769 | D:4      | Noticed an ogre
  2776 | D:4      | Killed an ogre
  2776 | D:4      | Reached skill level 5 in Fire Magic
  2776 | D:4      | Reached XP level 5. HP: 28/28 MP: 4/14
  2808 | D:4      | Reached skill level 5 in Spellcasting
  2931 | D:4      | Reached XP level 6. HP: 26/32 MP: 6/15
  2945 | D:4      | Noticed CasualChangeling's ghost (novice TeWn)
  2979 | D:4      | You fall through a shaft!
  2979 | D:5      | Entered Level 5 of the Dungeon
  3325 | D:5      | Mangled by a centaur

Vault maps used:
D:1:      nagdon_arrival_zigzag_paths
D:2:      st_stairs_3
D:3:      bloody_trog, minmay_misc_feat_x, uniq_ijyb
D:4:      minmay_temple_entry_enclosed_plants, first_bread, portal_sewer_entry_b
Temple:   regret_index_temple_sigil_plot

Skill      XL: |  1  2  3  4  5 |
---------------+----------------+-----
Fire Magic     | 4 5 |  5.4
Spellcasting   | 4 5 |  5.0
Dodging        | 3 |  3.0
Stealth        | 3 |  3.7
Conjurations   | 2 |  2.6
Fighting       | |  0.2

Action                   |  1- 3 |  4- 6 || total
-------------------------+-------+-------++-------
Melee: Unarmed           |       |     3 ||     3
 Cast: Flame Tongue      |    61 |    93 ||   154
       Sticky Flame      |       |     1 ||     1
  Use: Scroll            |       |    10 ||    10
  Eat: Chunk             |     1 |     6 ||     7
Armor: Robe              |     4 |    11 ||    15
Dodge: Dodged            |    20 |    56 ||    76

Table legend:
 A = Spawn XP
 B = Non-spawn XP
 C = Spawn XP percentage of total XP
 D = Spawn monster count
 E = Non-spawn monster count
 F = Spawn count percentage of total count
 G = Total turns spent on level
                    A         B        C        D         E        F      G
               +---------+---------+-------+---------+---------+-------+---------
         Total |       0 |     430 |   0.0 |       0 |      80 |   0.0 |  3325
               +---------+---------+-------+---------+---------+-------+---------
           D:1 |       0 |      42 |   0.0 |       0 |      21 |   0.0 |  1046
           D:2 |       0 |      61 |   0.0 |       0 |      13 |   0.0 |   603
           D:3 |       0 |      92 |   0.0 |       0 |      28 |   0.0 |  1008
           D:4 |       0 |     224 |   0.0 |       0 |      15 |   0.0 |   265
           D:5 |       0 |      11 |   0.0 |       0 |       3 |   0.0 |   346
               +---------+---------+-------+---------+---------+-------+---------
